 Dungeon Crawl Stone Soup version 0.29.0-5-ge4962eb29e (webtiles) character file.

Game seed: 16003157130914136026

5650 OdinFK the Thaumaturge (level 11, 0/76 HPs)
             Began as a Djinni Fire Elementalist on Aug 27, 2022.
             Was an Elder of Makhleb.
             Slain by a wyvern (14 damage)
             ... on level 10 of the Dungeon on Aug 28, 2022.
             The game lasted 01:20:37 (7114 turns).

OdinFK the Thaumaturge (Djinni Fire Elementalist)   Turns: 7114, Time: 01:20:38

Health: 0/76       AC:  6    Str:  7    XL:     11   Next: 4%
Gold:   510        EV: 16    Int: 21    God:    Makhleb [****..] SH:  0 Dex: 20

rFire   + + .      SeeInvis .   i - +5 dagger
rCold   x . .      Faith    .   (no shield)
rNeg    . . .      Spirit   .   F - +0 steam dragon scales
rPois   ∞          Reflect  .   g - +0 helmet
rElec   .          Harm     .   (no cloak)
rCorr   .          Rampage  .   (no gloves)
Will    +....                   (boots unavailable)
Stlth   +++.......              (no amulet)
HPRegen 0.22/turn               y - ring of wizardry
MPRegen 0.00/turn               L - +6 ring of dexterity

@: flying
A: sickness immunity, fire resistance 2, cold vulnerability 1, float, innate
caster, HP casting, extra vitality 1
a: Renounce Religion, Minor Destruction, Lesser Servant of Makhleb, Major
Destruction


You were on level 10 of the Dungeon.
You worshipped Makhleb.
Makhleb was greatly pleased with you.
You visited 2 branches of the dungeon, and saw 11 of its levels.
You also visited: Sewer.

You collected 562 gold pieces.
You spent 52 gold pieces at shops.

Inventory:

Hand Weapons
 i - a +5 dagger (weapon)
 p - a +2 dagger of distortion
 w - a +2 dagger of draining
 I - a +4 falchion of freezing
Armour
 a - a +0 robe
 g - a +0 helmet (worn)
 F - +0 steam dragon scales (worn)
 J - a +0 robe of positive energy
 P - the +0 scale mail of Autotheism {Int+4}
   (You found it on level 10 of the Dungeon)

   Int:       It affects your intelligence (+4).
Jewellery
 y - a ring of wizardry (left hand)
 E - a ring of wizardry
 L - a +6 ring of dexterity (right hand)
Wands
 t - a wand of light (6)
 D - a wand of paralysis (32)
 H - a wand of roots (10)
Scrolls
 b - 6 scrolls of poison {unknown}
 d - 8 scrolls of identify {unknown}
 f - 3 scrolls of enchant armour {unknown}
 h - a scroll of summoning
 k - 3 scrolls of noise {unknown}
 l - 7 scrolls of magic mapping {unknown}
 n - 2 scrolls of teleportation {unknown}
 o - a scroll of acquirement {unknown}
 q - 5 scrolls of enchant weapon {unknown}
 s - 2 scrolls of butterflies {unknown}
 v - 3 scrolls of amnesia {unknown}
 G - a scroll of silence {unknown}
Potions
 c - 3 potions of magic {unknown}
 e - 7 potions of curing {unknown}
 j - 2 potions of berserk rage {unknown}
 m - a potion of flight {unknown}
 r - 4 potions of lignification {unknown}
 u - 4 potions of mutation {unknown}
 x - a potion of attraction {unknown}
 z - 2 potions of haste {unknown}
 A - 2 potions of invisibility {unknown}
 B - 2 potions of brilliance {unknown}
 C - a potion of heal wounds
 K - a potion of ambrosia {unknown}
 M - a potion of cancellation {unknown}
 N - 2 potions of resistance {unknown}
 O - a potion of might {unknown}


   Skills:
 + Level 6.1 Fighting
 + Level 3.2 Short Blades
 + Level 6.1 Dodging
 + Level 3.7 Stealth
 * Level 9.1 Spellcasting
 + Level 4.2 Invocations
 + Level 1.5 Evocations


You had 2 spell levels left.
You knew the following spells:

 Your Spells              Type           Power      Damage    Failure   Level
a - Foxfire               Conj/Fire      100%       2x1d9     1%          1
b - Scorch                Fire           94%        2d10      1%          2
c - Conjure Flame         Conj/Fire      47%        6-21      1%          3
d - Inner Flame           Hex/Fire       47%        N/A       1%          3
e - Flame Wave            Conj/Fire      47%        2d12      1%          4
f - Beastly Appendage     Tmut           94%        N/A       1%          1
g - Searing Ray           Conj           94%        2d7       1%          2
h - Ignite Poison         Fire/Tmut/Pois 47%        N/A       1%          3
i - Stone Arrow           Conj/Erth      94%        3d12      1%          3
j - Petrify               Tmut/Erth      47%        N/A       1%          4
Your spell library was empty.

Dungeon Overview and Level Annotations

Branches:
Dungeon (10/15)            Temple (1/1) D:4           Sewer (visited)
   Lair: D:8-11         Orc: D:9-12

Altars:
Ashenzari
Dithmenos
Elyvilon
Gozag
Makhleb
Nemelex Xobeh
Okawaru
Qazlal
Ru
Wu Jian
Zin
The Shining One

Shops:
D:2 (   D:6 *


Innate Abilities, Weirdness & Mutations

You are immune to sickness and miasma.
You are immune to poison.
Your flesh is very heat resistant. (rF++)
You are vulnerable to cold. (rC-)
You float through the air rather than walking.
You learn spells naturally, not from books.
Your magical power is your life essence.
You have superior vitality. (+4 MHP)


Message History

The wyvern is moving more slowly.
The warg howls!
The orc wizard shouts!
An orc priest comes into view. It is wielding a +0 club.
Casting: Petrify (mildly dangerous; 1% risk of failure)
Confirm with . or Enter, or press ? or * to list all spells.
Aiming: Stone Arrow (safe; 1% risk of failure)
Press: ? - help, Shift-Dir - straight line, f - orc priest, p - wyvern
Aim: an orc priest, wielding a +0 hand axe (76% to hit)
The stone arrow misses the orc priest.
The orc priest shouts!
The orc priest begins to cast a cantrip, but forgets the words!
Casting: Stone Arrow (safe; 1% risk of failure)
Confirm with . or Enter, or press ? or * to list all spells.
Casting: Flame Wave (mildly dangerous; 1% risk of failure)
Press: ? - help, Dir - look around, f - activate A wave of flame ripples out!
The flame wave engulfs the wyvern!
The wyvern is moderately wounded. (Press . to intensify the flame waves.)
The wyvern closely misses you.
The orc wizard mumbles some strange words.
The orc wizard flickers and vanishes!
Deactivating autopickup; reactivate with Ctrl-A.
The orc warrior hits you from afar with a +0 glaive!
The wyvern bites you but does no damage.
Casting: Flame Wave (mildly dangerous; 1% risk of failure)
Confirm with . or Enter, or press ? or * to list all spells.
Restarting spell: Flame Wave (mildly dangerous; 1% risk of failure)
Press: ? - help, Dir - look around, f - activate A wave of flame ripples out!
The flame wave engulfs the wyvern!
The wyvern is severely wounded. (Press . to intensify the flame waves.)
The wyvern bites you!
The orc warrior hits you from afar with a +0 glaive!
* * * LOW HITPOINT WARNING * * *
You feel much better. The wyvern bites you! The orc warrior barely misses you.
The orc priest invokes the aid of Beogh against you.
Beogh smites you!
* * * LOW HITPOINT WARNING * * *
The wyvern bites you!
You die... ....##.# ........!.# #.# ........####.### ..o..§..##......### o{o.(#######...... #oh

##.#####.### ##o##
#.....##.# #.l.#
#..##.##.#
###.@.####..##.##.#
#.......##........#
#..........###.####
#.......#### #.#####
###[....######.....# ###
#####.....##.........#.
#.#
##..##..................
#<#
#.#.##.....##.#.......#Y
#.####.#.##.....##
##........


You could see a warg, an orc warrior, a wyvern (petrifying), 2 orc priests and 2
orcs.

Vanquished Creatures
  Prince Ribbit (D:7)
  A hornet (D:10)
  A shadow (D:10)
  Grum (D:8)
  6 yaks (D:9)
  A steam dragon (D:6)
  Menkaure (D:5)
  A warg (D:10)
  A water moccasin (D:7)
  A sky beast (D:7)
  Duvessa (D:7)
  3 orc warriors
  3 black bears
  2 ice beasts
  An ogre (D:4)
  2 wolves (D:8)
  A centaur (D:10)
  A phantom (D:7)
  3 kobold brigands
  2 necrophages (D:4)
  11 wights
  Dowan (D:7)
  4 killer bees
  5 howler monkeys
  3 hounds
  Crazy Yiuf (D:7)
  4 orc priests
  6 jellies
  2 iguanas
  8 orc wizards
  6 gnolls
  11 adders
  A shadow imp (D:6)
  A white imp (D:6)
  An ufetubus (D:5)
  5 worms
  29 orcs
  17 endoplasms
  10 giant cockroaches
  4 goblins
  6 hobgoblins
  10 jackals
  19 kobolds
  7 quokkas
  6 ball pythons
  3 bats
  6 frilled lizards
  11 rats
232 creatures vanquished.

Vanquished Creatures (others)
  4 demonic plants (D:10)
  534 foxfires
  6 plants
544 creatures vanquished.

Grand Total: 776 creatures vanquished

Notes
Turn   | Place    | Note
-------+----------+-------------------------------------------
     0 | D:1      | OdinFK the Djinni Fire Elementalist began the quest for the
                  | Orb.
     0 | D:1      | OdinFK set off with the following spells memorised:
                  | Foxfire, Scorch, Conjure Flame, Inner Flame, Flame Wave.
     0 | D:1      | Reached XP level 1. HP: 15/15 MP: 0/0
   148 | D:1      | Reached XP level 2. HP: 15/22 MP: 0/0
   410 | D:1      | Reached skill level 1 in Fighting
   441 | D:1      | Reached XP level 3. HP: 21/27 MP: 0/0
   441 | D:1      | Learned a level 1 spell: Beastly Appendage
   686 | D:2      | Found Axuqoryz's Weapon Boutique.
   981 | D:2      | You are sucked into a shaft and drop 2 floors!
  1147 | D:3      | Reached skill level 3 in Spellcasting
  1176 | D:3      | Reached skill level 1 in Short Blades
  1236 | D:4      | Noticed a necrophage
  1244 | D:4      | Killed a necrophage
  1245 | D:4      | Reached XP level 4. HP: 20/33 MP: 0/0
  1245 | D:4      | Reached XP level 5. HP: 23/38 MP: 0/0
  1245 | D:4      | Learned a level 2 spell: Searing Ray
  1862 | D:3      | Found a white marble altar of Elyvilon.
  2170 | D:3      | Noticed a black bear
  2230 | D:3      | Reached skill level 4 in Spellcasting
  2290 | D:3      | Found a glowing golden altar of the Shining One.
  2493 | D:4      | Found a burning altar of Makhleb.
  2493 | D:4      | Found an iron altar of Okawaru.
  2500 | D:4      | Became a worshipper of Makhleb the Destroyer
  2545 | D:4      | Reached XP level 6. HP: 40/45 MP: 0/0
  2696 | D:4      | Found a staircase to the Ecumenical Temple.
  2702 | Temple   | Entered the Ecumenical Temple
  2753 | D:4      | Noticed an ogre
  2850 | D:4      | Killed an ogre
  2864 | D:5      | Entered Level 5 of the Dungeon
  2928 | D:5      | Noticed Menkaure
  2939 | D:5      | Killed Menkaure
  2940 | D:5      | Reached XP level 7. HP: 18/50 MP: 0/0
  2940 | D:5      | Learned a level 3 spell: Ignite Poison
  3054 | D:5      | Reached * piety under Makhleb
  3055 | D:5      | Reached skill level 5 in Spellcasting
  3486 | D:5      | Reached skill level 1 in Invocations
  3511 | D:5      | Reached XP level 8. HP: 40/56 MP: 0/0
  3875 | D:6      | Found an opulent altar of Gozag.
  3934 | D:6      | Found a glowing drain.
  3938 | Sewer    | Entered a sewer
  3989 | Sewer    | Reached ** piety under Makhleb
  4109 | Sewer    | Found a shimmering altar of Xom.
  4344 | D:6      | Reached skill level 6 in Spellcasting
  4380 | D:6      | Reached XP level 9. HP: 48/62 MP: 0/0
  4380 | D:6      | Learned a level 3 spell: Stone Arrow
  4501 | D:6      | Found Nean's Assorted Antiques.
  4504 | D:6      | Bought a scroll labelled OCWOF KINLEO for 26 gold pieces
  4504 | D:6      | Bought a scroll labelled APLACH TUMU for 26 gold pieces
  4589 | D:6      | Found a sacrificial altar of Ru.
  4680 | D:6      | Found a shadowy altar of Dithmenos.
  4820 | D:7      | Noticed Prince Ribbit
  4844 | D:7      | Killed Prince Ribbit
  4845 | D:7      | Reached skill level 5 in Dodging
  4851 | D:7      | Reached skill level 5 in Fighting
  4866 | D:7      | Reached skill level 7 in Spellcasting
  4901 | D:7      | Reached *** piety under Makhleb
  4902 | D:7      | Noticed Duvessa
  4960 | D:7      | Noticed Dowan
  4966 | D:7      | Killed Duvessa
  4969 | D:7      | Killed Dowan
  4987 | D:7      | Found a stormy altar of Qazlal.
  5120 | D:7      | Found a runed translucent door.
  5121 | D:7      | Noticed Crazy Yiuf
  5128 | D:7      | Killed Crazy Yiuf
  5321 | D:8      | Noticed Grum
  5327 | D:7      | Reached XP level 10. HP: 23/70 MP: 0/0
  5827 | D:8      | Killed Grum
  5828 | D:8      | Reached skill level 1 in Evocations
  5939 | D:8      | Found an ornate altar of the Wu Jian Council.
  6264 | D:9      | Reached skill level 8 in Spellcasting
  6277 | D:9      | Noticed a komodo dragon
  6524 | D:10     | Entered Level 10 of the Dungeon
  6529 | D:10     | Upgraded the game from 0.29.0-4-gdea44cf6ec to
                  | 0.29.0-5-ge4962eb29e
  6552 | D:10     | Reached **** piety under Makhleb
  6603 | D:10     | Noticed a kobold demonologist
  6650 | D:10     | Found a sparkling altar of Nemelex Xobeh.
  6650 | D:10     | Found a glowing silver altar of Zin.
  6731 | D:10     | Reached skill level 9 in Spellcasting
  6970 | D:9      | Reached XP level 11. HP: 58/76 MP: 0/0
  6970 | D:9      | Learned a level 4 spell: Petrify
  7009 | D:10     | Identified the +0 scale mail of Autotheism {Int+4}
  7114 | D:10     | Slain by a wyvern

Illustrated notes

Levels and vault maps discovered:
D:1:      lightli_arrival_quake, layout_basic
D:2:      layout_loops_ring, serial_shops, nicolae_shop_bloodbath_and_beyond,
          minmay_misc_feat_x
D:3:      layout_loops_cross, amcnicky_altar_gilded, tso_altar,
          amcnicky_mini_pool_small
D:4:      layout_gridville, gammafunk_temple_overflow_claw,
          minmay_temple_entry_enclosed_plants, serial_bayou_crossing
D:5:      layout_basic, uniq_menkaure
D:6:      layout_basic, mainiacjoe_overflow_alcove_2,
          grunt_dithmenos_smoke_and_mirrors, lemuel_round_altar, serial_shops,
          nicolae_shop_window_shopping, gup_sewer_entry_bowl
D:7:      layout_cave_pools, mainiacjoe_overflow_small_starburst,
          uniq_prince_ribbit1, uniq_duvessa, uniq_crazy_yiuf_cottage
D:8:      layout_cave_pools, nzn_wu_jian_council_hall, uniq_grum
D:9:      hellmonk_crumbling_castle, layout_rooms, hangedman_fish_farm
D:10:     kennysheep_kobold_lugonu_temple, layout_loops_cross,
          jmf_multi_god_temple, erik_lair_orcish_takeover,
          kennysheep_just_a_vault
Temple:   nicolae_temple_bog_church

Skill      XL: |  1  2  3  4  5  6  7  8  9 10 |
---------------+-------------------------------+-----
Fighting       | 1 2 3 4 5 6 |  6.1
Spellcasting   | 3 4 5 6 7 9 |  9.1
Short Blades   | 1 2 3 |  3.2
Stealth        | 2 3 |  3.7
Dodging        | 3 4 5 6 |  6.1
Invocations    | 1 2 3 4 |  4.2
Evocations     | 1 |  1.5

Action                   |  1- 3 |  4- 6 |  7- 9 | 10-12 || total
-------------------------+-------+-------+-------+-------++-------
Melee: Dagger            |    10 |    14 |    10 |     9 ||    43
 Cast: Foxfire           |    54 |    47 |   149 |    66 ||   316
       Scorch            |     5 |    16 |    50 |    49 ||   120
       Conjure Flame     |       |     4 |     2 |       ||     6
       Searing Ray       |       |     1 |       |       ||     1
       Flame Wave        |       |       |     5 |    16 ||    21
       Stone Arrow       |       |       |       |     3 ||     3
       Petrify           |       |       |       |     1 ||     1
Evoke: Wand              |       |       |     1 |       ||     1
  Use: Potion            |       |       |       |     1 ||     1
 Stab: Sleeping          |     2 |     5 |     3 |     1 ||    11
Armor: Robe              |     1 |     4 |     4 |       ||     9
       Steam dragon scal |       |       |     6 |     8 ||    14
Dodge: Dodged            |    12 |     3 |    35 |    28 ||    78
